 Dungeon Crawl Stone Soup version 0.31-a0-931-g7b59d4eb97 (webtiles) character file.

Game seed: 13876384147467807653

112 Dirtsage the Ruffian (level 4, -3/29 HPs)
             Began as an Octopode Shapeshifter on Oct 19, 2023.
             Slain by a cerulean imp
             ... wielding a +1 spear
             ... summoned by Natasha
              (6 damage)
             ... on level 2 of the Dungeon.
             The game lasted 00:02:21 (1185 turns).

Dirtsage the Ruffian (Octopode Shapeshifter)        Turns: 1185, Time: 00:02:22

Health: -3/29      AC:  1    Str: 15    XL:     4   Next: 95%
Magic:  4/4        EV: 13    Int: 12    God:
Gold:   136        SH:  0    Dex: 11    Spells: 3/3 levels left

rFire   . .          .
                       - Unarmed
rCold   . . .        (no shield)
rNeg    . . .        (helmet currently unavailable)
rPois   .            n - amulet of regeneration
rElec   .            (no ring)
rCorr   .            (no ring)
SInv    .            (no ring)
Will    .....        (no ring)
Stlth   ++           (no ring)
HPRegen 1.04/turn    (no ring)
MPRegen 0.09/turn    (no ring)
                     (no ring)

%: no passive effects
@: beast-form, attractive, slowed, very slow
A: beast (slay +2), almost no armour, amphibious, 8 rings, camouflage 1,
gelatinous body 1, (nimble swimmer 1), tentacles
a: Begin Untransformation


You were on level 2 of the Dungeon.
You were a hulking beast.
You visited 1 branch of the dungeon, and saw 2 of its levels.

You collected 136 gold pieces.

Inventory:

Magical Staves
 e - a staff of poison
Jewellery
 n - an amulet of regeneration (around mantle)
Talismans
 b - a beast talisman (active)
 c - a flux talisman
Scrolls
 d - 2 scrolls of teleportation {unknown}
 f - a scroll of fear {unknown}
 g - a scroll of identify {unknown}
 i - a scroll of revelation {unknown}
Potions
 a - a potion of lignification
 k - a potion of might {unknown}
 l - a potion of heal wounds {unknown}
 m - a potion of mutation {unknown}


   Skills:
 + Level 2.1 Fighting
 - Level 2.0 Dodging
 * Level 4.1 Unarmed Combat
 * Level 4.0 Shapeshifting


You had 3 spell levels left.
You didn't know any spells.
Your spell library contained the following spells:

 Spells                   Type           Power      Damage    Failure   Level
 Call Canine Familiar     Summ           0%         N/A       69%         3
 Sigil of Binding         Hex            0%         N/A       69%         3
 Dimensional Bullseye     Hex/Tloc       0%         N/A       97%         4
 Leda's Liquefaction      Hex/Erth       0%         N/A       97%         4


Dungeon Overview and Level Annotations

Branches:
Dungeon (2/15)

Altars:

Shops:
D:2 (

Annotations:
D:2 Natasha


Innate Abilities, Weirdness & Mutations

You are a hulking beast.
Your limbs bulge with bestial killing power. (Slay +2)
You cannot wear most types of armour.
You are amphibious.
You can wear up to eight rings at the same time.
Your skin changes colour to match your surroundings (Stealth+).
Your rubbery body absorbs attacks. (AC +1, EV +1)
((You are camouflaged when in or above water. (Stealth+)))
You have tentacles for arms and can constrict up to eight enemies at once.


Message History

The goblin shouts!
You hear a shout! 2 goblins come into view.
The goblin shouts! x2
A hobgoblin comes into view.
A goblin comes into view. It is wielding a +0 club.
You see here a viscous amethyst potion.
Natasha casts a spell at you.
You feel yourself slow down. Natasha casts a spell at you.
The magic dart hits you!
You take 11 damage, and have 18/29 hp.
MASSIVE DAMAGE!!
You regained 2 hp, and now have 21/29 hp.
Natasha attacks as she pursues you! Natasha closely misses you.
Natasha casts a spell at you.
You feel as though you will be slow longer.
You see here a +0 quarterstaff.
Natasha attacks as she pursues you! Natasha claws you. Natasha claws you!
You take 9 damage, and have 13/29 hp.
MASSIVE DAMAGE!!
Natasha attacks as she pursues you! Natasha claws you. x2
You take 2 damage, and have 11/29 hp.
You regained 2 hp, and now have 13/29 hp.
Natasha attacks as she pursues you! Natasha claws you!
* * * LOW HITPOINT WARNING * * *
Natasha mumbles some strange words.
You take 7 damage, and have 6/29 hp.
MASSIVE DAMAGE!!
Natasha mumbles some strange words.
Natasha casts a spell at you. The magic dart hits you.
* * * LOW HITPOINT WARNING * * *
You take 4 damage, and have 2/29 hp.
It was a potion of curing.
You feel better. Natasha casts a spell at you. The magic dart hits you!
* * * LOW HITPOINT WARNING * * *
You take 1 damage, and have 1/29 hp.
Okay, then.
It was a potion of attraction.
You feel attractive to monsters.
The cerulean imp hits you from afar with a +1 spear.
You die...

.#####..# #........###
........# #.###.####
#..#####.# #.#
#.......>###.#
#.###........# #.#
##.#####.#
#.####[......# #
#.#...#####..#
#.h.....###..#
##.#####......###.## #
#5h#...#...†........
#.
#.#5).#....#..###...
###.####g.#...#...#..#
.......#..#####.###..#
.......#g......†###..#
.......#.##..........#
.......#g####.#####.##


You could see Natasha, a cerulean imp (summoned) and a goblin.

Vanquished Creatures
  Jessica (D:2)
  Terence (D:2)
  Natasha (D:2)
  A worm (D:2)
  3 dart slugs
  An endoplasm (D:2)
  2 giant cockroaches (D:2)
  A goblin (D:1)
  3 hobgoblins (D:1)
  4 quokkas
  3 ball pythons
  A bat (D:2)
  3 frilled lizards
  4 kobolds
  3 rats
32 creatures vanquished.

Notes
Turn   | Place    | Note
-------+----------+-------------------------------------------
     0 | D:1      | Dirtsage the Octopode Shapeshifter began the quest for the
                  | Orb.
     0 | D:1      | Reached XP level 1. HP: 13/13 MP: 1/1
   282 | D:1      | Reached XP level 2. HP: 18/18 MP: 2/2
   843 | D:2      | Found Lesos's Antique Weapon Emporium.
   864 | D:2      | Reached XP level 3. HP: 23/23 MP: 3/3
   891 | D:2      | Identified the +8 dagger "Meruwn" {holy, rPois Str+2}
   944 | D:2      | Noticed Natasha
   954 | D:2      | Killed Natasha
  1043 | D:2      | Reached XP level 4. HP: 23/29 MP: 4/4
  1065 | D:2      | Noticed Terence
  1066 | D:2      | Noticed Jessica
  1076 | D:2      | Killed Terence
  1077 | D:2      | Killed Jessica
  1160 | D:2      | Noticed Natasha
  1184 | D:2      | HP: 1/29 [Natasha/magic dart (9)]
  1185 | D:2      | Slain by a cerulean imp

Illustrated notes

Levels and vault maps discovered:
D:1:      dpeg_arrival_simpleton_a, layout_loops_ring, hex_tiny
D:2:      kennysheep_the_goblin_king, layout_loops_ring, serial_shops,
          nicolae_shop_stone, minmay_distorted, uniq_natasha, uniq_terence,
          uniq_jessica

Skill      XL: |  1  2  3  4 |
---------------+-------------+-----
Fighting       | 2 |  2.1
Unarmed Combat | 4 |  4.1
Shapeshifting  | 4 |  4.0
Dodging        | |  2.0

Action                     |  1- 3 |  4- 6 || total
---------------------------+-------+-------++-------
  Melee: Unarmed           |    50 |    10 ||    60
         Constrict         |    12 |     4 ||    16
         Tentacles         |     9 |     3 ||    12
         Punch             |       |     1 ||     1
    Use: Potion            |       |     2 ||     2
   Stab: Sleeping          |    12 |     2 ||    14
 Armour: Skin              |    18 |    10 ||    28
  Dodge: Dodged            |    18 |     6 ||    24

Table legend: (Time is in decaauts)
 A = Elapsed time spent in this place.
 B = Non-inter-level travel time spent in this place.
 C = Inter-level travel time spent in this place.
 D = Time resting spent in this place.
 E = Time spent auto-exploring this place.
 F = Levels seen in this place.
 G = Mean time per level.
                   A        B        C        D        E       F      G
               +--------+--------+--------+--------+--------+-----+--------+
         Total |   1186 |   1169 |     17 |      0 |    930 |   2 |  593.0 |
       Dungeon |   1186 |   1169 |     17 |      0 |    930 |   2 |  593.0 |
               +--------+--------+--------+--------+--------+-----+--------+

Top non-repeatable levels by time:
     D:1: 809 daAuts
     D:2: 377 daAuts
